 Dungeon Crawl Stone Soup version 0.17-a0-1650-gce8475a (webtiles) character file.

91 LilCorpsy the Sneak (level 4, -6/39 HPs)
             Began as a Naga Assassin on Aug 13, 2015.
             Engulfed by a smoke demon's steam (9 damage)
             ... on level 1 of the Abyss.
             The game lasted 00:08:13 (2994 turns).

LilCorpsy the Sneak (Naga Assassin)                 Turns: 2994, Time: 00:08:13

Health: -6/39      AC:  4    Str: 14    XL:     4   Next: 57%
Magic:  4/4        EV:  9    Int: 11    God:
Gold:   121        SH:  0    Dex: 13    Spells: 0 memorised, 3 levels left

rFire  . . .     SeeInvis +     C - +0 dagger (drain)
rCold  . . .     Clarity  .     c - +0 robe
rNeg   . . .     SustAt   .     (no shield)
rPois  +         Gourm    .     (no helmet)
rElec  .         Spirit   .     d - +0 cloak
rCorr  .         Warding  .     x - +0 pair of gloves {archery}
rMut   .         Stasis   .     (no barding)
MR     .....                    (no amulet)
Stlth  ++++......               (no ring)
                                p - +1 ring of slaying

@: drained, very slow, not resistant to hostile enchantments, stealthy
A: see invisible, deformed body, poison resistance, slowness 2, slow metabolism
1, spit poison 2, AC +1
a: Spit Poison


You were on level 1 of the Abyss.
You were not hungry.

You visited 1 branch of the dungeon, and saw 3 of its levels.
You visited the Abyss 1 time.

You collected 121 gold pieces.

Inventory:

Hand weapons
 a - a +2 dagger
 b - a +0 blowgun
 q - a +0 dagger of distortion
 C - a +0 dagger of draining (weapon)
Missiles
 e - 23 poisoned needles
 f - 2 curare-tipped needles
Armour
 c - a +0 robe (worn)
 d - a +0 cloak (worn)
 x - a +0 pair of gloves of archery (worn)
Jewellery
 p - a +1 ring of slaying (left hand)
 w - an uncursed amulet of resist corrosion
Magical devices
 y - a wand of polymorph (18)
Scrolls
 k - a scroll of identify {unknown}
 s - a scroll of magic mapping
 u - 3 scrolls of teleportation {unknown}
 v - a scroll of remove curse {unknown}
Potions
 l - 2 potions of invisibility {unknown}
 m - a potion of cancellation {unknown}
 n - a potion of brilliance {unknown}
 o - a potion of agility {unknown}
 r - 3 potions of heal wounds {unknown}
 t - a potion of mutation {unknown}
 A - 2 potions of curing {unknown}
 B - a potion of flight {unknown}
Comestibles
 g - 2 bread rations
 h - 2 fruits
 z - a meat ration


   Skills:
 - Level 2.0(1.6) Fighting
 * Level 3.5(3.1) Short Blades
 - Level 1.7(1.3) Throwing
 - Level 0.7(0.3) Dodging
 * Level 7.4(7.0) Stealth


You had 3 spell levels left.
You didn't know any spells.

Dungeon Overview and Level Annotations

Branches:
Dungeon (3/15)

Altars:
Yredelemnul
The Shining One


Innate Abilities, Weirdness & Mutations

You cannot wear boots.
Your serpentine skin is tough (AC +1).
You have supernaturally acute eyesight.
Armour fits poorly on your strangely shaped body.
Your system is resistant to poisons.
You cover ground very slowly.
You have a slow metabolism.
You can spit poison.


Message History

Zapping:
y - a wand of polymorph {zapped: 1} (will waste charges)
Press: ? - help, Shift-Dir - straight line, f - smoke demon
Aim: a smoke demon (chance to defeat MR: 15%)
The smoke demon resists with almost no effort.
Evoking this partially-identified wand wasted a few charges.
The smoke demon closely misses you. The smoke demon hits you.
The smoke demon hits you.
As you read the scroll labeled XEIMUTS PEHIRA, it crumbles to dust.
It is a scroll of recharging.
Charge which item? (? for menu, Esc to quit)
Your wand of polymorph {zapped: 4} glows for a moment.
The smoke demon gestures at you. The ball of steam hits you!
Ouch! That really hurt!
* * * LOW HITPOINT WARNING * * *
As you read the scroll labeled LYVUOC BONK, it crumbles to dust.
You assume a fearsome visage.
The smoke demon is unaffected.
It was a scroll of fear.
You are engulfed in a cloud of scalding steam.
You die...

## ## ##.. #.###
#..
###....####.###...
.#.###..#@3...#
#.#..#........#
##. .#.#.#....#...
#....#..#.#...# .
#.....#.#..####
#... #.#.#..###
... .#. .##....# .
#. #........##
......##...#...


You could see a smoke demon.

Vanquished Creatures
  Robin (D:3)
  An adder (D:2)
  A worm (D:2)
  5 orcs (D:3)
  3 bats
  2 giant cockroaches
  14 goblins
  12 hobgoblins
  2 jackals (D:1)
  6 kobolds
  A quokka (D:2)
  A ball python (D:1)
  A giant newt (D:2)
  4 rats
54 creatures vanquished.

Vanquished Creatures (others)
  A hobgoblin (D:3)
1 creature vanquished.

Grand Total: 55 creatures vanquished

Notes
Turn   | Place    | Note
--------------------------------------------------------------
     0 | D:1      | LilCorpsy the Naga Assassin began the quest for the Orb.
     0 | D:1      | Reached XP level 1. HP: 19/19 MP: 1/1
   115 | D:1      | Reached skill level 6 in Stealth
   471 | D:1      | Reached XP level 2. HP: 26/26 MP: 2/2
  1174 | D:2      | Reached XP level 3. HP: 27/32 MP: 3/3
  1640 | D:2      | Reached skill level 7 in Stealth
  1873 | D:2      | Found a basalt altar of Yredelemnul.
  2362 | D:3      | Reached XP level 4. HP: 35/39 MP: 4/4
  2458 | D:3      | Found a glowing golden altar of the Shining One.
  2578 | D:3      | Noticed Robin
  2595 | D:3      | Killed Robin
  2945 | D:3      | Cast into the Abyss (a distortion unwield)
  2970 | Abyss:1  | Noticed a small abomination
  2978 | Abyss:1  | Found a corrupted altar of Lugonu.
  2987 | Abyss:1  | Noticed a smoke demon
  2994 | Abyss:1  | Engulfed by a smoke demon's steam

Vault maps used:
D:1:      dpeg_arrival_orchard
D:2:      yredelemnul_forgotten_temple_becter, minmay_strange_pillars
D:3:      nicolae_tso_carved_into_rock, corexii_leaking_fountain, uniq_robin

Action                   |  1- 3 |  4- 6 || total
-------------------------+-------+-------++-------
Melee: Dagger            |   115 |    47 ||   162
 Abil: Spit Poison       |     1 |     2 ||     3
Evoke: Wand              |       |     1 ||     1
  Use: Scroll            |     1 |     2 ||     3
 Stab: Sleeping          |    14 |       ||    14
  Eat: Meat ration       |     1 |       ||     1
